 Dungeon Crawl Stone Soup version 0.31.0-12-g77e489cdc1 (webtiles) character file.

Game seed: 6901351618937252451

36 lordive the Ruffian (level 3, 0/21 HPs)
             Began as a Troll Shapeshifter on Feb 29, 2024.
             Slain by a hobgoblin (4 damage)
             ... on level 2 of the Dungeon.
             The game lasted 00:01:12 (751 turns).

lordive the Ruffian (Troll Shapeshifter)             Turns: 751, Time: 00:01:12

Health: 0/21       AC:  2    Str: 22    XL:     3   Next: 19%
Magic:  2/2        EV: 13    Int:  6    God:
Gold:   27         SH:  0    Dex: 11    Spells: 2/2 levels left

rFire   . .          .
                       - Unarmed
rCold   . . .        (shield currently unavailable)
rNeg    . . .        a - melded +0 animal skin
rPois   .            (helmet restricted)
rElec   .            (no cloak)
rCorr   .            (gloves unavailable)
SInv    .            (boots unavailable)
Will    .....        (no amulet)
Stlth   +            (no ring)
HPRegen 1.03/turn    (no ring)
MPRegen 0.08/turn

%: no passive effects
@: flux-form, glowing
A: glow, contaminating, reduced hp, large, unfitting armour, claws 3,
regeneration 1, shaggy fur 1, tough skin 1
a: Begin Untransformation


You were on level 2 of the Dungeon.
You were something dangerously unstable.
You visited 1 branch of the dungeon, and saw 2 of its levels.

You collected 27 gold pieces.

Inventory:

Armour
 a - a +0 animal skin (melded)
Jewellery
 g - a +6 ring of intelligence
Talismans
 c - a beast talisman
 d - a flux talisman (active)
Potions
 b - 2 potions of lignification
 e - a potion of attraction {unknown}
 f - a potion of resistance {unknown}
 h - a potion of curing {unknown}


   Skills:
 + Level 0.7 Fighting
 + Level 1.6 Dodging
 + Level 3.6 Unarmed Combat
 * Level 3.6 Shapeshifting


You had 2 spell levels left.
You didn't know any spells.
Your spell library was empty.

Dungeon Overview and Level Annotations

Branches:
Dungeon (2/15)

Altars:


Innate Abilities, Weirdness & Mutations

You are something dangerously unstable.
You glow with magical radiation, making you easy to see and hit.
Foes you strike become dangerously contaminated with magical radiation.
Your maximum health is decreased, since you lack skill for your form.
You are incapable of wielding weapons or throwing items.
You are too large for most types of armour.
You have claws for hands.
Your natural rate of healing is unusually fast.
You are covered in fur. (AC +1)
You have tough skin. (AC +1)


Message History

You are too injured to fight recklessly!
You are too injured to fight recklessly!
You are too injured to fight recklessly!
You are too injured to fight recklessly!
You are too injured to fight recklessly!
You are too injured to fight recklessly!
You are too injured to fight recklessly!
You are too injured to fight recklessly!
You are too injured to fight recklessly!
You are too injured to fight recklessly!
Unknown command.
You closely miss the adder.
You feel sick. The adder closely misses you.
The goblin hits you with a +0 club.
* * * LOW HITPOINT WARNING * * *
The adder barely misses you.
You closely miss the adder.
You feel sick. The goblin closely misses you. The adder misses you.
You miss the adder.
You feel sick. The adder closely misses you. The goblin closely misses you.
You claw the adder!
The adder begins to glow.
The adder is severely wounded.
You feel sick.
You are no longer poisoned.
The adder misses you. The goblin hits you but does no damage.
The hobgoblin hits you but does no damage.
You scratch the adder.
You kill the adder!
The goblin closely misses you. The hobgoblin hits you.
* * * LOW HITPOINT WARNING * * *
You have reached level 3!
Your experience leads to an increase in your attributes!
Increase (S)trength, (I)ntelligence, or (D)exterity?
You feel agile. x2; You feel stronger.
You scratch the goblin.
You kill the goblin!
The hobgoblin hits you.
* * * LOW HITPOINT WARNING * * *
The hobgoblin attacks as it pursues you!
The hobgoblin hits you.
You die...

..... .#.## ...#
########..###
<...........#######
............#.....#
...$.(.)..$.#.###.#
...$...gp...#.#<#.#
!...........#.....#
.....#........#...#
.......######.##.##
####... .....# #..#
#..#### .... #..#
..## ####


You could see a hobgoblin.

Vanquished Creatures
  An adder (D:2)
  A dart slug (D:1)
  2 ball pythons (D:1)
  3 endoplasms (D:1)
  2 giant cockroaches (D:1)
  3 goblins
  2 hobgoblins
  4 bats (D:1)
  2 frilled lizards (D:1)
  A kobold (D:1)
  3 rats (D:1)
24 creatures vanquished.

Notes
Turn   | Place    | Note
-------+----------+-------------------------------------------
     0 | D:1      | lordive the Troll Shapeshifter began the quest for the Orb.
     0 | D:1      | Reached XP level 1. HP: 18/18 MP: 0/0
   109 | D:1      | Reached XP level 2. HP: 15/26 MP: 1/1
   750 | D:2      | Reached XP level 3. HP: 3/32 MP: 2/2
   751 | D:2      | Slain by a hobgoblin

Illustrated notes

Levels and vault maps discovered:
D:1:      heliophobic_arrival_dark_side_of_the_moon, layout_basic
D:2:      layout_basic

Action                     || total
---------------------------++-------
  Melee: Unarmed           ||    60
 Armour: Skin              ||    36
         Animal skin       ||     2
  Dodge: Dodged            ||    41
   Form: Flux              ||     1
